Map: Blueshift LE

Players

Glot

  • Race: Terran Terran
  • League: Platinum
  • Spawn Location: 7:00

Yocto - Winner!

  • Race: Zerg Zerg
  • League: Platinum
  • Spawn Location: 1:00

VOD

Have the link to the VOD?

Description

Time

  • Played on: Dec. 22, 2018, 3:10 a.m.
  • Length: 18:06
Show
View Real Time Build Order
Export as new Build Order

Glot Terran 

Build Orders:  

Get SALT Encoding   

  12  0:00  SCV  
  13  0:13  SCV  
  14  0:17  Supply Depot  
  14  0:25  SCV  
  15  0:28  Refinery  
  15  0:42  Barracks  
  15  0:45  SCV  
  16  0:57  SCV  
  17  1:09  SCV  
  18  1:21  SCV  
  20  1:33  SCV  
  20  1:34  Reaper  
  20  1:35  Bunker  
  21  1:44  Command Center  
  21  1:52  SCV  
  22  2:06  Marine  
  22  2:07  Factory  
  23  2:28  Supply Depot  
  23  2:49  Orbital Command  
  23  2:50  Marine  
  24  2:54  Supply Depot  
  24  2:58  Factory Tech Lab  
  24  2:59  Starport  
  24  3:04  SCV  
  25  3:07  Marine  
  26  3:16  SCV  
  27  3:25  Marine  
  28  3:28  SCV  
  28  3:34  Siege Tank  
  32  3:40  SCV  
  33  3:43  Marine, SCV  
  33  3:44  Refinery  
  35  3:53  Viking  
  37  3:57  SCV  
  37  4:01  Marine  
  39  4:09  SCV  
  40  4:15  Refinery  
  40  4:16  Refinery  
  40  4:17  SCV  
  41  4:19  Marine  
  41  4:22  SCV  
  43  4:29  SCV  
  44  4:34  SCV  
  44  4:37  Marine  
  45  4:50  Siege Tank  
  45  4:52  Starport Tech Lab  
  48  4:54  Marine  
  49  5:03  Engineering Bay  
  49  5:05  SCV  
  49  5:06  SCV  
  51  5:08  Barracks  
  51  5:09  Barracks  
  51  5:14  Marine  
  51  5:17  SCV  
  51  5:18  SCV  
  54  5:36  Supply Depot  
  54  5:38  Supply Depot  
  54  5:57  Marine  
  54  5:58  SCV, Siege Tank, Supply Depot  
  54  6:02  Armory  
  60  6:06  Armory, Barracks Tech Lab  
  60  6:08  Barracks Reactor  
  60  6:10  SCV  
  60  6:16  Barracks Reactor  
  60  6:22  Command Center, SCV  
  60  6:24  SCV  
  62  6:28  Marine  
  63  6:34  SCV  
  63  6:36  SCV  
  63  6:37  Fusion Core  
  65  6:43  Starport  
  65  6:46  Marine  
  66  6:56  Marine x2  
  68  7:03  Terran Ship Weapons Level 1, Terran Vehicle And Ship Armor Level 1  
  68  7:06  SCV  
  69  7:17  Marine x2  
  69  7:18  Marine x3, SCV  
  69  7:21  Starport Tech Lab  
  75  7:24  Weapon Refit  
  75  7:27  Terran Infantry Weapons Level 1  
  75  7:28  Stimpack  
  75  7:35  Marine, Orbital Command  
  76  7:37  Orbital Command  
  76  7:38  Marine  
  77  7:51  Widow Mine  
  77  8:13  Viking x2, Widow Mine  
  83  8:38  Starport x2  
  83  8:39  Marine x5  
  88  8:51  Battlecruiser  
  91  9:00  Missile Turret  
  91  9:17  Orbital Command  
  90  9:23  Missile Turret  
  90  9:27  Marine  
  90  9:28  Marine x2  
  90  9:29  Combat Shield  
  93  9:36  Supply Depot  
  93  9:37  Supply Depot  
  93  9:57  Marine, SCV, Battlecruiser  
  93  9:59  Battlecruiser  
  107  10:00  Supply Depot  
  107  10:01  Supply Depot  
  107  10:06  Starport Tech Lab x2  
  107  10:12  Terran Vehicle And Ship Armor Level 2  
  102  10:35  Siege Tank  
  105  10:55  Battlecruiser  
  105  10:56  Battlecruiser  
  117  11:02  Marine x2, Battlecruiser  
  125  11:13  Supply Depot  
  125  11:14  Supply Depot  
  125  11:15  Supply Depot  
  125  11:24  Terran Infantry Weapons Level 2  
  125  11:28  Marine, Terran Ship Weapons Level 2  
  125  11:34  Marine  
  125  11:37  Supply Depot  
  125  11:39  Supply Depot  
  123  11:41  Supply Depot  
  119  11:48  Marine x3  
  119  11:49  Marine  
  120  12:03  Battlecruiser  
  126  12:21  Orbital Command  
  126  12:26  Battlecruiser  
  132  12:37  Bunker  
  114  13:15  Battlecruiser  
  114  13:18  Marine x5  
  122  13:36  Marine x5  
  123  13:43  Widow Mine  
  125  13:53  Marine  
  125  13:54  Marine x4  
  130  13:56  Orbital Command  
  130  14:04  Siege Tank  
  130  14:07  Missile Turret  
  58  15:00  Orbital Command  
  46  16:19  Marine  
  35  16:31  Marine, Orbital Command  
  35  16:32  Marine  
  25  16:37  Marine  
  14  16:49  Marine x2  
  14  16:52  SCV  
  17  16:55  Marine  
  18  17:04  SCV  
  18  17:07  Marine x2  
  20  17:13  Marine  
  20  17:16  SCV  
  20  17:25  Marine x2  
  16  17:31  Marine  
  14  17:43  Marine x2  
Show
View Real Time Build Order
Export as new Build Order

Yocto Zerg - Winner!

Build Orders: Hatch First, Muta Ling Bane 

Get SALT Encoding   

  12  0:01  Drone  
  13  0:12  Overlord  
  13  0:17  Drone  
  14  0:36  Drone x3  
  17  0:55  Hatchery  
  16  1:00  Drone x2  
  18  1:04  Extractor  
  17  1:17  Spawning Pool  
  16  1:20  Drone  
  16  1:23  Drone  
  18  1:30  Drone  
  19  1:41  Overlord  
  19  1:54  Drone  
  20  2:04  Queen  
  20  2:07  Queen  
  24  2:09  Zergling x4  
  24  2:14  Drone  
  27  2:24  Drone  
  27  2:29  Drone  
  29  2:46  Queen  
  29  2:49  Queen  
  33  2:59  Drone x2  
  33  3:00  Drone  
  33  3:02  Hatchery  
  33  3:04  Overlord  
  35  3:08  Metabolic Boost  
  35  3:13  Drone  
  36  3:29  Drone x5  
  36  3:30  Drone x2  
  43  3:47  Extractor, Drone x2  
  44  3:49  Overlord x3  
  44  3:55  Baneling Nest  
  42  4:07  Queen, Overlord  
  42  4:08  Overlord  
  44  4:11  Drone x3  
  44  4:12  Drone  
  48  4:20  Zergling x6  
  51  4:24  Queen  
  53  4:33  Zergling x2  
  53  4:34  Zergling x8  
  57  4:44  Zergling x2  
  57  4:45  Zergling x8  
  62  4:58  Zergling x8  
  66  5:02  Lair  
  66  5:10  Evolution Chamber  
  66  5:12  Evolution Chamber  
  64  5:17  Zergling x12  
  64  5:18  Zergling x2  
  71  5:26  Extractor, Drone x3  
  71  5:28  Baneling x3  
  73  5:35  Overlord x3  
  73  5:38  Baneling x3  
  73  5:44  Zerg Melee Weapons Level 1  
  73  5:45  Drone  
  74  5:59  Zerg Ground Armor Level 1  
  74  6:02  Extractor, Drone x2  
  74  6:03  Drone  
  76  6:06  Drone x3  
  79  6:14  Spire, Drone  
  79  6:15  Drone  
  80  6:25  Overlord x2  
  80  6:28  Drone x3  
  81  6:41  Drone  
  81  6:44  Drone x3  
  81  6:45  Drone x5  
  90  7:06  Extractor  
  90  7:07  Extractor  
  88  7:09  Spine Crawler  
  88  7:10  Spine Crawler  
  88  7:12  Drone  
  88  7:13  Drone x8  
  95  7:16  Overlord x2  
  95  7:17  Overlord  
  95  7:20  Centrifical Hooks  
  95  7:40  Mutalisk  
  95  7:41  Mutalisk x7  
  111  7:54  Drone x3  
  114  8:01  Drone x2  
  114  8:02  Drone  
  117  8:20  Infestation Pit  
  117  8:22  Hatchery  
  117  8:26  Spore Crawler  
  114  8:32  Zerg Melee Weapons Level 2  
  114  8:34  Zerg Ground Armor Level 2  
  106  8:58  Hive  
  106  9:02  Drone x5  
  111  9:03  Drone x5  
  116  9:10  Zergling x22  
  116  9:11  Zergling x2  
  116  9:16  Zergling x2  
  116  9:17  Zergling x2  
  127  9:27  Zergling x4  
  127  9:29  Overlord x2  
  127  9:30  Overlord x2  
  129  9:46  Zergling x2  
  129  9:47  Zergling x12  
  136  9:53  Extractor  
  136  9:54  Queen  
  136  9:56  Zergling x10  
  136  9:57  Zergling x6  
  136  9:58  Extractor  
  144  10:00  Baneling  
  144  10:01  Baneling x7  
  144  10:02  Baneling  
  144  10:13  Zergling x2  
  144  10:14  Zergling x14  
  150  10:23  Zergling x14  
  150  10:24  Zergling x2  
  155  11:06  Overlord x5  
  155  11:07  Overlord  
  155  11:14  Ultralisk Cavern  
  155  11:15  Zerg Melee Weapons Level 3  
  155  11:16  Zerg Ground Armor Level 3  
  153  11:21  Zergling x2  
  153  11:22  Zergling x10  
  153  11:23  Overlord  
  153  11:24  Overlord x5  
  154  11:43  Zergling x10  
  154  11:44  Zergling x16  
  166  11:49  Zergling x2  
  166  12:02  Chitinous Plating  
  166  12:05  Ultralisk x5  
  196  12:16  Extractor, Hatchery  
  196  12:19  Extractor  
  193  12:24  Corruptor x3  
  198  12:37  Baneling x4  
  192  13:13  Corruptor x3  
  192  13:14  Corruptor  
  192  13:39  Baneling  
  192  13:40  Baneling x27  
  192  13:41  Baneling x30  
  189  13:42  Baneling  
  189  14:00  Corruptor x4  
  189  14:01  Corruptor  
  199  14:05  Greater Spire  
  130  14:59  Corruptor  
  120  15:00  Corruptor x15  
  120  15:01  Corruptor  
  146  15:12  Zergling x4  
  146  15:13  Zergling x2  
  124  15:38  Corruptor x2  
  124  15:39  Corruptor x3  
  133  15:58  Hatchery  
  133  16:00  Extractor  
  133  16:01  Spawning Pool  
  133  16:03  Extractor  
  94  16:53  Lair  
  94  16:54  Zergling x2  
  94  16:55  Zergling x36  
  113  17:12  Zergling x2  
  113  17:13  Zergling x6  
  109  17:30  Zergling x14  
  109  17:31  Zergling x2  
Tags
 
Composition
Muta Ling Bane
Matchup
TvZ
Replay Pack
Yocto
Spawn Locations
Cross Positions
Add a new tag
Caveats
  • Supply blocks, unpowered buildings, or Contaminate may cause inaccurate times.
  • Supply counts are checked every 10 seconds.